 Dungeon Crawl Stone Soup version 0.29-a0-338-g1ff7896281 (webtiles) character file.

Game seed: 506331493778141548

5208 spaghetti the Summoner (level 10, -1/74 HPs)
             Began as a Demonspawn Summoner on Apr 18, 2022.
             Was a Priest of Wu Jian.
             Killed by divine providence
             ... invoked by an orc priest
              (10 damage)
             ... on level 9 of the Dungeon on Apr 19, 2022.
             The game lasted 00:27:14 (12458 turns).

spaghetti the Summoner (Demonspawn Summoner)       Turns: 12458, Time: 00:27:15

Health: -1/74      AC:  9    Str:  9    XL:     10   Next: 35%
Magic:  1/17       EV: 13    Int: 21    God:    Wu Jian [***...]
Gold:   512        SH:  0    Dex: 13    Spells: 4/19 levels left

rFire   . . .      SeeInvis .     - Unarmed
rCold   . . .      Faith    .   (no shield)
rNeg    . . .      Spirit   .   O - +3 leather armour {Will+}
rPois   .          Reflect  .   l - +0 helmet
rElec   .          Harm     .   (no cloak)
rCorr   .          Rampage  .   (no gloves)
Will    ++...                   (no boots)
Stlth   ++........              (no amulet)
HPRegen 0.22/turn               j - +4 ring of slaying
MPRegen 0.15/turn               w - ring of willpower

@: marked, attractive
A: claws 2, icy blue scales 1, powered by death 1, spiny 1
a: Renounce Religion, Wall Jump, Serpent's Lash


You were on level 9 of the Dungeon.
You worshipped Wu Jian.
Wu Jian was most pleased with you.
You visited 1 branch of the dungeon, and saw 9 of its levels.

You collected 512 gold pieces.


Innate Abilities, Weirdness & Mutations

You have very sharp fingernails.
You are partially covered in icy blue scales. (AC +2)
You regenerate a little health from kills.
You are partially covered in sharp spines.


   Skills:
 + Level 5.4 Fighting
 + Level 5.1 Dodging
 - Level 1.7 Stealth
 * Level 6.8 Unarmed Combat
 + Level 5.0 Spellcasting
 + Level 4.9 Hexes
 * Level 8.5 Summonings
 - Level 3.0 Ice Magic


You had 4 spell levels left.
You knew the following spells:

 Your Spells              Type           Power      Damage    Failure   Level
a - Summon Small Mammal   Summ           100%       N/A       1%          1
b - Call Imp              Summ           41%        N/A       1%          2
c - Call Canine Familiar  Summ           41%        N/A       1%          3
d - Summon Ice Beast      Ice/Summ       29%        N/A       14%         4
e - Summon Mana Viper     Hex/Summ       33%        N/A       26%         5

Your spell library contained the following spells:

 Spells                   Type           Power      Damage    Failure   Level
 Summon Guardian Golem    Hex/Summ       33%        N/A       2%          3
 Ensorcelled Hibernation  Hex/Ice        44%        N/A       4%          2
 Foxfire                  Conj/Fire      20%        2x1d5     16%         1
 Inner Flame              Hex/Fire       15%        N/A       16%         3
 Summon Lightning Spire   Summ/Air       23%        N/A       26%         4
 Conjure Flame            Conj/Fire      5%         6-21      41%         3
 Spider Form              Tmut/Pois      5%         N/A       41%         3
 Anguish                  Hex/Necr       7%         N/A       47%         4
 Flame Wave               Conj/Fire      5%         2d5       83%         4
 Monstrous Menagerie      Summ           20%        N/A       98%         7

Inventory:

Missiles
 e - 302 stones (quivered) {throwing}
 g - 4 throwing nets {=f!fthrowing}
 u - 10 poisoned darts {throwing}
 z - a boomerang of dispersal {=f!fthrowing}
 F - 8 boomerangs {throwing}
 P - 5 datura-tipped darts {throwing}
 U - 5 atropa-tipped darts {throwing}
 Y - a curare-tipped dart {=fthrowing}
Armour
 a - a +0 robe
 l - a +0 helmet (worn)
   (You found it on level 2 of the Dungeon)
 O - a +3 leather armour of willpower (worn)
   (You took it off Edmund on level 5 of the Dungeon)
Magical Staves
 t - a staff of fire {!astaff}
   (You found it on level 2 of the Dungeon)
 v - a staff of earth {!astaff}
   (You found it on level 3 of the Dungeon)
Jewellery
 c - a ring of flight
   (You took it off a gnoll on level 5 of the Dungeon)
 j - a +4 ring of slaying (left claw)
   (You found it on level 2 of the Dungeon)
 w - a ring of willpower (right claw)
   (You found it on level 5 of the Dungeon)
Wands
 k - a wand of flame (19)
   (You found it on level 8 of the Dungeon)
 C - a wand of acid (7)
   (You took it off an orc on level 3 of the Dungeon)
 Q - a wand of mindburst (16)
   (You found it on level 6 of the Dungeon)
 S - a wand of iceblast (5)
   (You found it on level 6 of the Dungeon)
 V - a wand of paralysis (5)
   (You found it on level 7 of the Dungeon)
Scrolls
 d - a scroll of immolation {!r!r}
 f - a scroll of magic mapping {unknown}
 h - a scroll of fear {unknown}
 i - 3 scrolls of vulnerability {!r!r}
 x - a scroll of teleportation {@r4}
 D - 4 scrolls of identify {unknown}
 R - 2 scrolls of blinking {unknown}
Potions
 b - 2 potions of magic
 s - a potion of cancellation
 A - a potion of attraction {!q}
 X - a potion of might {unknown}
 Z - a potion of flight {unknown}
Miscellaneous
 W - a piece from Xom's chessboard (14/15)
   (You found it on level 7 of the Dungeon)

Dungeon Overview and Level Annotations

Branches:
Dungeon (9/15)             Temple (0/1) D:5
   Lair: D:8-11         Orc: D:9-12

Altars:
Ashenzari
Cheibriados
Dithmenos
Elyvilon
Fedhas
Kikubaaqudgha
Okawaru
Qazlal
Vehumet
Wu Jian
Xom
Yredelemnul
The Shining One

Shops:
D:4 ?   D:6 :

Annotations:
D:7 bande's ghost, novice GrFi

#.... .^## ...o ..# .
..# #. ###### #.#
§§ogY#####..# ..##Tg.o#
#..##
#.).###§####§.#########.
###o###...Y.#.YT@.......
##))o..§§.§Y.Y##.######
##......####og## .#
..)####.# ##.. .. .###
#.# #... ... .# #.#
#........ ## #.#
#......... #..
#(........# ### #[......


You could see 3 yaks, a troll, an orc priest and a gnoll.


Message History

You regained 10 hp, and now have 14/74 hp.
Your muscles tense, ready for explosive movement...
Your supernatural speed expires.
The orc warrior is attracted toward you. 😱 HP[+1]
Okay, then.
You feel better.
The orc warrior hits you with a +0 glaive of protection!
* * * LOW HITPOINT WARNING * * *
The gnoll is attracted toward you. 😱 HP[-7]
You take 7 damage, and now have 8/74 hp.
Unknown command.
There is nothing to wall jump against here.
Aiming: Paralyse
Press: ? - help, Shift-Dir - straight line, f - orc warrior
Aim: an orc warrior, wielding a +0 glaive of protection and wearing a +0 plate armour (chance to affect: 49%)
The orc warrior suddenly stops moving!
The gnoll closely misses you.
The orc priest is attracted toward you. 😱 HP[+1]
Okay, then.
You feel better. The gnoll barely misses you.
The yak is attracted toward you. 😱 HP[+8]
You regained 8 hp, and now have 17/74 hp.
Okay, then.
Unknown command.
As you read the scroll of teleportation {@r4}, it crumbles to dust.
You feel strangely unstable. The gnoll hits you but does no damage.
The orc priest is struck by your spines.
The orc priest barely misses you.
The yak misses you. 😱 MP[+1] Unknown command.
Unknown command.
Unknown command.
You spin and attack the yak.
You scratch the yak but do no damage. The yak misses you.
The gnoll is attracted toward you.
You spin and attack the orc priest.
You scratch the orc priest.
The orc priest looks encouraged for a moment.
An orc comes into view. It is wielding a +0 falchion.
The orc is attracted toward you. 😱 HP[+1] Unknown command.
Unknown command.
Your surroundings suddenly seem different.
You set off the alarm!
The alarm trap emits a blaring wail!
A sentinel's mark forms upon you.
A vault sentinel comes into view. It is wielding a +0 war axe.
The vault sentinel shouts!
You hear a shout! x2; You hear a bellow! x2
You hear an angry hiss.
The vault sentinel casts a spell at you.
You struggle to resist.
The vault sentinel is attracted toward you.
Unknown command.
As you read the scroll of teleportation {@r4}, it crumbles to dust.
You feel strangely unstable.
A vault sentinel comes into view. It is wielding a +0 war axe.
The vault sentinel closely misses you.
The vault sentinel is attracted toward you.
Unknown command.
Unknown command.
Casting: Call Canine Familiar (safe; 1% risk of failure)
Confirm with . or Enter, or press ? or * to list all spells.
A chill wind blows around you.
The vault sentinel unwields a +0 war axe.
The vault sentinel wields a +0 arbalest.
The vault sentinel shoots a bolt.
The bolt hits you!
* * * LOW HITPOINT WARNING * * *
The vault sentinel hits you with a +0 war axe!
* * * LOW HITPOINT WARNING * * *
The vault sentinel is attracted toward you. 😱 HP[-16] MP[-4]
You take 16 damage, and now have 2/74 hp.
MASSIVE DAMAGE!! (PAUSE)
You lost 4 mp, and now have 0/17 mp.
Unknown command.
Okay, then.
Okay, then.
You feel better.
Your surroundings suddenly seem different.
The gnoll is attracted toward you. x2; The orc priest is attracted toward you.
The yak is attracted toward you. 😱 HP[+6] MP[+1]
You regained 6 hp, and now have 8/74 hp.
Unknown command.
Unknown command.
Okay, then.
You feel less exhausted.
The gnoll is attracted toward you. x2; The yak is attracted toward you.
The orc priest is attracted toward you.
The yak is attracted toward you. 😱 HP[+1]
The troll attacks as you move away! The troll barely misses you.
The troll closely misses you. x2; The yak is attracted toward you. x2
The gnoll attacks as you move away! The gnoll is struck by your spines.
You kill the gnoll!
The Council accepts your kill.
The orc priest invokes the aid of Beogh against you.
Beogh smites you!
You die...

Skill      XL: |  1  2  3  4  5  6  7  8  9 10 |
---------------+-------------------------------+-----
Fighting       | 1 2 3 4 5 |  5.4
Unarmed Combat | 1 2 4 6 |  6.8
Dodging        | 2 3 4 5 |  5.1
Ice Magic      | 1 2 3 |  3.0
Hexes          | 1 3 4 |  4.9
Summonings     | 5 6 8 |  8.5
Spellcasting   | 3 4 5 |  5.0
Stealth        | |  1.7

Action                   |  1- 3 |  4- 6 |  7- 9 | 10-12 || total
-------------------------+-------+-------+-------+-------++-------
Melee: Short sword       |    16 |       |       |       ||    16
       Unarmed           |    57 |    64 |   104 |    56 ||   281
       Punch             |     1 |       |     6 |     6 ||    13
Throw: Dart              |       |       |     2 |       ||     2
       Stone             |       |       |     6 |       ||     6
 Cast: Summon Small Mamm |    34 |    29 |    24 |     7 ||    94
       Call Imp          |     7 |    22 |    29 |     5 ||    63
       Call Canine Famil |     1 |    19 |    33 |    13 ||    66
       Summon Ice Beast  |       |       |    33 |    13 ||    46
       Summon Mana Viper |       |       |     3 |     8 ||    11
Invok: Lunge             |     2 |     6 |    10 |     7 ||    25
       Whirlwind         |       |       |     2 |     7 ||     9
       Serpent's Lash    |       |       |     2 |     3 ||     5
Evoke: Wand              |       |     1 |     2 |     1 ||     4
       Piece from Xom's  |       |       |       |     2 ||     2
  Use: Potion            |       |     1 |     2 |     5 ||     8
       Scroll            |       |       |     6 |     3 ||     9
 Stab: Distracted        |     3 |       |     1 |       ||     4
       Sleeping          |       |     1 |       |       ||     1
Armor: Robe              |    20 |    20 |     1 |       ||    41
       Leather armour    |       |       |    18 |    14 ||    32
Dodge: Dodged            |    63 |    33 |    62 |    36 ||   194

Levels and vault maps discovered:
D:1:      dpeg_arrival_arbitrary_a, layout_rooms
D:2:      cheibrodos_greedy_goblins, layout_rooms,
          shapermc_ecumenical_altar_mp_highgroup, minmay_misc_feat_rows
D:3:      layout_loops_corners, mainiacjoe_overflow_brackets,
          nicolae_wu_jian_immortal_techniques, corexii_shack
D:4:      layout_cave_pools, lemuel_tele_altar, nicolae_tso_besieged_by_evil,
          kennysheep_little_box, serial_shops, shop, kennysheep_path_1
D:5:      layout_layer_cave, minmay_temple_entry_mini_moons, kennysheep_diamond,
          minmay_chambers_of_fives, uniq_prince_ribbit1, uniq_edmund
D:6:      layout_basic, nicolae_vehumet_radiance,
          nicolae_qazlal_style_of_elements, nicolae_elyvilon_temple_path,
          serial_shops, shop, uniq_grinder
D:7:      layout_cave_pods, fedhas_bush_and_centaur_altar, xom_butterflies,
          lemuel_crystal_altar, nicolae_ashenzari_skybound,
          gammafunk_ghost_grave, lightli_bailey_entry_fortress,
          serial_park_tiny_pond, chequers_mini_garden, kennysheep_nondescript,
          kennysheep_opposing_triangles, uniq_duvessa, uniq_maggie
D:8:      layout_rooms, kennysheep_mini
D:9:      layout_rooms, lair_entry_dummy, hellmonk_guarded_unrand_gong

Notes
Turn   | Place    | Note
-------+----------+-------------------------------------------
     0 | D:1      | spaghetti the Demonspawn Summoner began the quest for the
                  | Orb.
     0 | D:1      | Reached XP level 1. HP: 13/13 MP: 3/3
     0 | D:1      | magus.rc [v1.9.6]
    95 | D:1      | Reached skill level 1 in Fighting
   494 | D:1      | Gained mutation: You have sharp fingernails. [demonic
                  | ancestry]
   494 | D:1      | Reached XP level 2. HP: 22/22 MP: 1/5
   525 | D:1      | You pick up a book of Beasts and begin reading...
   525 | D:1      | You add the spells Summon Ice Beast, Summon Mana Viper and
                  | Monstrous Menagerie to your library.
   539 | D:1      | HP: 4/22 [gnoll/+0 flail (7)]
   546 | D:1      | You fall into a shaft and drop 1 floor!
   546 | D:2      | Found a faded altar of an unknown god.
   849 | D:2      | Prayed at the altar of an unknown god.
   849 | D:2      | Became a worshipper of the Wu Jian Council
   849 | D:2      | Reached * piety under Wu Jian
   929 | D:2      | Learned a level 2 spell: Call Imp
  1150 | D:2      | Reached skill level 1 in Unarmed Combat
  1518 | D:2      | Gained mutation: You have very sharp fingernails. [demonic
                  | ancestry]
  1518 | D:2      | Reached XP level 3. HP: 25/27 MP: 1/6
  1664 | D:2      | Learned a level 3 spell: Call Canine Familiar
  1760 | D:3      | Reached skill level 2 in Fighting
  1766 | D:3      | Reached skill level 2 in Dodging
  1766 | D:3      | Gained mutation: You regenerate a little health from kills.
                  | [demonic ancestry]
  1766 | D:3      | Reached XP level 4. HP: 33/33 MP: 1/7
  1796 | D:3      | Reached skill level 1 in Ice Magic
  2044 | D:3      | HP: 6/33 [shadow imp/nerve-wracking pain (6)]
  2798 | D:3      | Reached ** piety under Wu Jian
  2800 | D:3      | Reached skill level 2 in Unarmed Combat
  2800 | D:3      | Reached skill level 1 in Hexes
  2800 | D:3      | Reached XP level 5. HP: 23/38 MP: 2/8
  3057 | D:3      | Found a snail-covered altar of Cheibriados.
  3589 | D:3      | Found an ornate altar of the Wu Jian Council.
  4184 | D:4      | Gained mutation: You are partially covered in sharp spines.
                  | [demonic ancestry]
  4184 | D:4      | Reached XP level 6. HP: 46/46 MP: 0/9
  4266 | D:4      | Reached skill level 2 in Ice Magic
  4456 | D:4      | Reached skill level 5 in Summonings
  4564 | D:4      | Found Idodiph's Magic Scroll Shoppe.
  4565 | D:4      | Noticed a water moccasin
  4583 | D:4      | Killed a water moccasin
  4584 | D:4      | Reached XP level 7. HP: 49/51 MP: 2/10
  4796 | D:4      | Found a basalt altar of Yredelemnul.
  4997 | D:4      | Reached skill level 3 in Unarmed Combat
  5008 | D:4      | Learned a level 4 spell: Summon Ice Beast
  5079 | D:4      | Found an ancient bone altar of Kikubaaqudgha.
  5291 | D:5      | Entered Level 5 of the Dungeon
  5461 | D:5      | Reached skill level 3 in Fighting
  5461 | D:5      | Reached skill level 2 in Hexes
  5573 | D:5      | Reached skill level 3 in Ice Magic
  5737 | D:5      | Noticed Prince Ribbit
  5750 | D:5      | Killed Prince Ribbit
  5751 | D:5      | Reached skill level 3 in Dodging
  5751 | D:5      | Reached skill level 3 in Spellcasting
  5814 | D:5      | Noticed a two-headed ogre
  5854 | D:5      | Killed a two-headed ogre
  5855 | D:5      | Reached skill level 4 in Unarmed Combat
  5855 | D:5      | Reached skill level 3 in Hexes
  5855 | D:5      | Reached skill level 6 in Summonings
  5855 | D:5      | Reached XP level 8. HP: 60/60 MP: 0/13
  5893 | D:5      | Reached *** piety under Wu Jian
  5964 | D:5      | HP: 14/59 [poisoned by a gnoll]
  5969 | D:5      | HP: 11/59 [poisoned by a gnoll]
  6018 | D:5      | Reached skill level 4 in Fighting
  6027 | D:5      | HP: 15/60 [scorpion (4)]
  6296 | D:5      | You pick up a book of Dreams and begin reading...
  6296 | D:5      | You add the spells Ensorcelled Hibernation, Spider Form and
                  | Anguish to your library.
  6308 | D:5      | Found a staircase to the Ecumenical Temple.
  6502 | D:5      | Reached XP level 9. HP: 53/65 MP: 2/14
  6509 | D:5      | Reached skill level 4 in Dodging
  6509 | D:5      | Reached skill level 5 in Unarmed Combat
  6607 | D:5      | Reached skill level 7 in Summonings
  6614 | D:5      | Learned a level 5 spell: Summon Mana Viper
  6790 | D:5      | Noticed Edmund
  6796 | D:5      | Killed Edmund
  7041 | D:5      | Reached skill level 4 in Spellcasting
  8094 | D:6      | Found a radiant altar of Vehumet.
  8120 | D:6      | Noticed Grinder
  8130 | D:6      | Killed Grinder
  8131 | D:6      | Reached skill level 4 in Hexes
  8211 | D:6      | Found Taideann's Book Shoppe.
  8802 | D:6      | Reached **** piety under Wu Jian
  8803 | D:6      | Reached skill level 6 in Unarmed Combat
  8894 | D:6      | Found a stormy altar of Qazlal.
  9200 | D:7      | Found a flagged portal.
  9394 | D:7      | You pick up a book of Flames and begin reading...
  9394 | D:7      | You add the spells Foxfire, Conjure Flame, Inner Flame and
                  | Flame Wave to your library.
  9473 | D:7      | Found an iron altar of Okawaru.
  9489 | D:7      | Found a broken altar of Ashenzari.
  9502 | D:7      | Noticed Maggie
  9508 | D:7      | HP: 10/67 [Maggie/bolt of fire (31)]
  9512 | D:7      | Killed Maggie
  9513 | D:7      | Reached skill level 5 in Fighting
  9513 | D:7      | Reached skill level 8 in Summonings
  9910 | D:7      | Found a blossoming altar of Fedhas.
 10209 | D:7      | Gained mutation: You are partially covered in icy blue
                  | scales. (AC +2) [demonic ancestry]
 10209 | D:7      | Reached XP level 10. HP: 74/74 MP: 2/16
 10321 | D:7      | Noticed Duvessa
 10321 | D:7      | Noticed Dowan
 10327 | D:7      | Killed Duvessa
 10329 | D:7      | Killed Dowan
 10422 | D:7      | Found a runed translucent door.
 10423 | D:7      | Noticed bande's ghost (novice GrFi)
 10513 | D:7      | Found a shimmering altar of Xom.
 11974 | D:8      | Reached skill level 5 in Dodging
 12168 | D:8      | Found a shadowy altar of Dithmenos.
 12432 | D:9      | Reached skill level 5 in Spellcasting
 12441 | D:9      | HP: 14/74 [orc priest/divine providence (13)]
 12442 | D:9      | HP: 3/74 [orc priest/divine providence (13)]
 12452 | D:9      | Noticed a vault sentinel
 12452 | D:9      | Found the +18 shield of the Gong {rElec rN+ Will+ EV-5}
 12453 | D:9      | Noticed a vault sentinel
 12454 | D:9      | HP: 11/74 [vault sentinel/bolt (7)]
 12454 | D:9      | HP: 2/74 [vault sentinel/+0 war axe (9)]
 12458 | D:9      | Killed from afar by an orc priest

Vanquished Creatures
  A two-headed ogre (D:5)
  Grinder (D:6)
  A wyvern (D:5)
  2 ice beasts
  An orc warrior (D:8)
  A nameless horror (D:7)
  2 kobold brigands (D:7)
  A bullfrog (D:8)
  2 necrophages (D:5)
  3 scorpions
  A gnoll sergeant (D:9)
  A howler monkey (D:9)
  A jelly (D:6)
  2 gnoll shamans
  3 hounds
  3 orc priests
  2 iguanas
  3 orc wizards
  11 gnolls
  4 adders
  A shadow imp (D:3)
  17 orcs
  2 endoplasms
  A giant cockroach (D:3)
  12 goblins
  9 hobgoblins
  3 kobolds (D:7)
  A quokka (D:4)
  3 ball pythons
  2 bats
  2 frilled lizards (D:1)
  5 rats
  A butterfly (D:7)
105 creatures vanquished.

Vanquished Creatures (collateral kills)
  Maggie (D:7)
  Prince Ribbit (D:5)
  Edmund (D:5)
  A water moccasin (D:4)
  Duvessa (D:7)
  3 black bears
  2 sky beasts
  An ice beast (D:7)
  2 ogres
  3 centaurs
  2 bullfrogs
  2 necrophages
  3 wights (D:7)
  Dowan (D:7)
  2 howler monkeys (D:9)
  A crimson imp (D:4)
  A jelly (D:6)
  A hound (D:5)
  4 orc priests
  4 iguanas
  3 orc wizards
  5 gnolls
  2 adders
  A white imp (D:6)
  A worm (D:4)
  4 dart slugs
  9 orcs
  4 ball pythons
  4 endoplasms
  4 hobgoblins
  2 quokkas
  3 bats
  7 goblins
  A goblin zombie (D:4)
  2 hobgoblin zombies (D:4)
  6 kobolds
  4 kobold skeletons (D:4)
  2 orc skeletons (D:4)
  An orc zombie (D:4)
  2 rats (D:2)
104 creatures vanquished.

Vanquished Creatures (others)
  An orc wizard (D:3)
  8 plants (D:6)
9 creatures vanquished.

Grand Total: 218 creatures vanquished

Table legend:
 A = Non-vault XP
 B = Vault XP
 C = Vault XP percentage of total XP
 D = Non-vault monster count
 E = Vault monster count
 F = Vault count percentage of total count
                 A         B        C        D         E       F
            +---------+---------+-------+---------+---------+-------
      Total |    4582 |    2872 |  38.5 |     156 |      52 |  25.0
            +---------+---------+-------+---------+---------+-------
        D:1 |      17 |       0 |   0.0 |      13 |       0 |   0.0
        D:2 |      22 |      21 |  48.8 |      14 |      11 |  44.0
        D:3 |     230 |       2 |   0.9 |      26 |       1 |   3.7
        D:4 |     480 |      60 |  11.1 |      28 |      11 |  28.2
        D:5 |    1242 |    1440 |  53.7 |      23 |       8 |  25.8
        D:6 |     905 |     295 |  24.6 |      18 |       1 |   5.3
        D:7 |     818 |    1054 |  56.3 |      14 |      20 |  58.8
        D:8 |     447 |       0 |   0.0 |      11 |       0 |   0.0
        D:9 |     421 |       0 |   0.0 |       9 |       0 |   0.0
            +---------+---------+-------+---------+---------+-------

Illustrated notes

Table legend:
 A = Kills in this place as a percentage of kills in entire the game.
 B = Kills by you in this place as a percentage of kills by you in the entire game.
 C = Kills by friends in this place as a percentage of kills by friends in the entire game.
 D = Other kills in this place as a percentage of other kills in the entire game.
 E = Experience gained in this place as a percentage of experience gained in the entire game.
 F = Experience gained in this place divided by the number of levels of this place that you have seen.
                   A       B       C       D       E      F
               +-------+-------+-------+-------+-------+----------------------
         Total | 100.0 | 100.0 | 100.0 | 100.0 | 100.0 | 828.2
       Dungeon | 100.0 | 100.0 | 100.0 | 100.0 | 100.0 | 828.2
               +-------+-------+-------+-------+-------+----------------------

Table legend: (Time is in decaauts)
 A = Elapsed time spent in this place.
 B = Non-inter-level travel time spent in this place.
 C = Inter-level travel time spent in this place.
 D = Time resting spent in this place.
 E = Time spent auto-exploring this place.
 F = Levels seen in this place.
 G = Mean time per level.
                   A        B        C        D        E       F      G
               +--------+--------+--------+--------+--------+-----+--------+
         Total |  12494 |  12255 |    239 |   1303 |   9271 |   9 | 1388.2 |
       Dungeon |  12494 |  12255 |    239 |   1303 |   9271 |   9 | 1388.2 |
               +--------+--------+--------+--------+--------+-----+--------+

Top non-repeatable levels by time:
     D:7: 2576 daAuts
     D:5: 2322 daAuts
     D:3: 2072 daAuts
     D:6: 1590 daAuts
     D:4: 1499 daAuts
     D:2: 1168 daAuts
     D:8: 659 daAuts
     D:1: 546 daAuts
     D:9: 58 daAuts
